 Dungeon Crawl Stone Soup version 0.28-a0-984-g3775c662fe (webtiles) character file.

Game seed: 6629102263945417147

44 enile the Skirmisher (level 3, 0/36 HPs)
             Began as a Hill Orc Cinder Acolyte on Dec 3, 2021.
             Was a High Priest of Ignis.
             Killed from afar by Natasha (4 damage)
             ... with a magic dart
             ... on level 2 of the Dungeon.
             The game lasted 00:02:37 (1813 turns).

enile the Skirmisher (Hill Orc Cinder Acolyte)      Turns: 1813, Time: 00:02:37

Health: 0/36       AC:  5    Str: 15 (18) XL:     3   Next: 60%
Magic:  2/4        EV: 10    Int: 13 (14) God:    Ignis [*****.]
Gold:   61         SH:  0    Dex:  5 (6)  Spells: 2/4 levels left

rFire   + . .      SeeInvis .   a - -1 hand axe (flame)
rCold   . . .      Faith    .   (no shield)
rNeg    . . .      Spirit   .   g - +0 ring mail
rPois   .          Reflect  .   (no helmet)
rElec   .          Harm     .   (no cloak)
rCorr   .          Rampage  .   (no gloves)
Will    .....                   (no boots)
Stlth   ..........              (no amulet)
HPRegen 0.12/turn               (no ring)
MPRegen 0.09/turn               (no ring)

@: slowed, very slow
A: no striking features
a: Renounce Religion, Fiery Armour, Foxfire Swarm, Rising Flame


You were on level 2 of the Dungeon.
You worshipped Ignis.
Ignis was extremely pleased with you.
You visited 1 branch of the dungeon, and saw 2 of its levels.

You collected 61 gold pieces.

Inventory:

Hand Weapons
 a - a -1 hand axe of flaming (weapon)
Armour
 b - a +0 robe
 g - a +0 ring mail (worn)
Scrolls
 c - 3 scrolls of vulnerability {unknown}
 e - a scroll of enchant armour {unknown}
 f - a scroll of blinking {unknown}


   Skills:
 - Level 5.0 Fighting
 + Level 4.7 Axes
 - Level 1.0 Spellcasting
 - Level 3.2 Fire Magic


You had 2 spell levels left.
You knew the following spells:

 Your Spells              Type           Power      Damage    Failure   Level
a - Scorch                Fire           18%        2d5       22%         2

Your spell library contained the following spells:

 Spells                   Type           Power      Damage    Failure   Level
 Summon Guardian Golem    Hex/Summ       0%         N/A       86%         3
 Orb of Destruction       Conj           0%         N/A       100%        7
 Spellforged Servitor     Conj/Summ      0%         N/A       100%        7


Dungeon Overview and Level Annotations

Branches:
Dungeon (2/15)

Altars:

Annotations:
D:2 Natasha


Message History

Natasha barely misses you.
Casting: Scorch (safe; 19% risk of failure)
Confirm with . or Enter, or press ? or * to list all spells.
You don't have enough magic to cast this spell.
You closely miss Natasha.
Natasha is heavily wounded.
Natasha claws you.
You closely miss Natasha.
Natasha is heavily wounded.
Natasha is no longer more vulnerable to fire.
Natasha barely misses you. x2
It was a potion of curing.
You feel better. Natasha claws you. Natasha misses you.
You closely miss Natasha.
Natasha is heavily wounded.
Natasha stares at you and mumbles some strange words.
The magic dart hits you!
It was a potion of degeneration.
There was something very wrong with that liquid.
You feel weakened.
You feel dopey.
You feel clumsy. Natasha barely misses you. x2
You hit Natasha but do no damage.
Natasha is heavily wounded.
Natasha closely misses you.
You barely miss Natasha.
Natasha is heavily wounded.
Natasha claws you.
Natasha stares at you and mumbles some strange words.
The magic dart hits you!
* * * LOW HITPOINT WARNING * * *
You hit Natasha. You burn Natasha.
Natasha is almost dead.
Natasha claws you.
* * * LOW HITPOINT WARNING * * *
Activating: Foxfire Swarm
Press: ? - help, Dir - look around, f - activate Flames leap up around you!
Natasha barely misses you.
Natasha stares at you and mumbles some strange words.
The magic dart hits you.
You die...

...) ...?## .#
...#..# #..#
..#.... ...
.#..... #.#
#....vv #..# #
#..vh##v.# .#
...####@vv##.#
#...vvv#v...#
#######v.####
##.## ##. #..#
####..# ##.##
....... #######..#
......###.......##
..........##...##


You could see Natasha (ally target).

Vanquished Creatures
  A gnoll (D:1)
  2 dart slugs (D:1)
  An orc (D:2)
  2 ball pythons (D:2)
  2 endoplasms
  A giant cockroach (D:1)
  2 goblins (D:1)
  3 hobgoblins
  A jackal (D:1)
  6 kobolds
  A quokka (D:1)
  2 bats (D:1)
  3 rats
27 creatures vanquished.

Notes
Turn   | Place    | Note
-------+----------+-------------------------------------------
     0 | D:1      | enile the Hill Orc Cinder Acolyte began the quest for the
                  | Orb.
     0 | D:1      | Reached XP level 1. HP: 19/19 MP: 2/2
   295 | D:1      | Noticed an ogre
   295 | D:1      | Noticed an ogre
   295 | D:1      | Noticed an ogre
   301 | D:1      | Reached skill level 4 in Fighting
   302 | D:1      | Noticed an ogre
   483 | D:1      | Reached XP level 2. HP: 17/27 MP: 3/3
   746 | D:1      | Found a faded altar of an unknown god.
  1052 | D:1      | Reached skill level 5 in Fighting
  1052 | D:1      | Reached XP level 3. HP: 27/36 MP: 4/4
  1284 | D:1      | Learned a level 2 spell: Scorch
  1797 | D:2      | Noticed Natasha
  1813 | D:2      | Killed from afar by Natasha

Illustrated notes

Levels and vault maps discovered:
D:1:      erik_arrival_cave_to_civilisation [erik_arrival_cave_to_temple],
          layout_basic, chequers_ecumenical_altar_island, hangedman_decor_lopped
D:2:      layout_rooms, serial_corexii_hall, corexii_hall_statues_t,
          chequers_hall_statues_y, minmay_circled_x, uniq_robin, uniq_natasha

Skill      XL: |  1  2 |
---------------+-------+-----
Fighting       | 4 5 |  5.0
Axes           | |  4.7
Spellcasting   | |  1.0
Fire Magic     | |  3.2

Action                   || total
-------------------------++-------
Melee: Hand axe          ||    80
 Cast: Scorch            ||     6
Invok: Foxfire Swarm     ||     1
  Use: Potion            ||     2
Armor: Robe              ||    15
       Ring mail         ||     5
Dodge: Dodged            ||    57

Table legend: (Time is in decaauts)
 A = Elapsed time spent in this place.
 B = Non-inter-level travel time spent in this place.
 C = Inter-level travel time spent in this place.
 D = Time resting spent in this place.
 E = Time spent auto-exploring this place.
 F = Levels seen in this place.
 G = Mean time per level.
                   A        B        C        D        E       F      G
               +--------+--------+--------+--------+--------+-----+--------+
         Total |   1836 |   1832 |      4 |    101 |   1491 |   2 |  918.0 |
       Dungeon |   1836 |   1832 |      4 |    101 |   1491 |   2 |  918.0 |
               +--------+--------+--------+--------+--------+-----+--------+

Top non-repeatable levels by time:
     D:1: 1679 daAuts
     D:2: 156 daAuts
